 Dungeon Crawl Stone Soup version bcrawl-1.37.2 (webtiles) character file.

Game seed: 5139434655049250105

244541 Mehrunes the Conjurer (level 8, -1/52 HPs)
             Began as a Mummy Fire Elementalist on Nov 1, 2022.
             Was an Initiate of Vehumet.
             Slain by a crimson imp (3 damage)
             ... on level 5 of the Dungeon.
             The game lasted 00:11:19 (5170 turns).

Mehrunes the Conjurer (Mummy Fire Elementalist)     Turns: 5170, Time: 00:11:20

Health: -1/52      AC:  2    Str: 11    XL:     8   Next: 43%
Magic:  14/14      EV: 12    Int: 16    God:    Vehumet [......]
Gold:   300        SH:  0    Dex: 13    Spells: 2/15 levels left

rFire    x . .     GDR:     25% j - +4 whip
rCold    + . .     SeeInvis .   (no shield)
rNeg     + + +     Gourm    .   k - +0 robe {RegenMP}
rPois    ∞         Faith    .   (no helmet)
rElec    +         Spirit   .   (no cloak)
rCorr    .         Reflect  .   (no gloves)
MR       +....     Clarity  +   (no boots)
Stlth    ++........             (no amulet)
HPRegen  0.18/turn              l - ring of insulation
MPRegen  0.28/turn              (no ring)

@: no status effects
A: no food or potions, fire vulnerability, clarity, cold resistance 1, negative
energy resistance 3, torment resistance, unbreathing, strong hexes 1
a: Renounce Religion


You were on level 5 of the Dungeon.
You worshipped Vehumet.
Vehumet was noncommittal.
You were not hungry.

You visited 2 branches of the dungeon, and saw 6 of its levels.

You collected 300 gold pieces.

Inventory:

Hand Weapons
 b - a +0 short sword
 j - a +4 whip (weapon)
 m - a +2 dagger of protection
 p - a +3 hunting sling of velocity
Missiles
 d - 894 stones
 n - 21 poisoned tomahawks (quivered)
 q - 161 sling bullets
Armour
 a - a +0 robe
 e - a +0 leather armour
 k - a +0 robe of magic recovery (worn)
Jewellery
 l - a ring of insulation (left hand)
 r - an uncursed ring of resist corrosion {unknown}
Wands
 c - a wand of flame (4)
 o - a wand of polymorph (2)
Scrolls
 f - 2 scrolls of teleportation {unknown}
 g - 4 scrolls of remove curse {unknown}
 h - 3 scrolls of fear {unknown}
 i - 3 scrolls of identify


   Skills:
 - Level 1.5 Dodging
 - Level 2.1 Stealth
 - Level 4.0 Spellcasting
 + Level 6.2 Conjurations
 + Level 6.2 Fire Magic


You had 2 spell levels left.
You knew the following spells:

 Your Spells              Type           Power        Failure   Level  Hunger
a - Flame Tongue          Conj/Fire      ###..        1%          1    N/A
b - Conjure Flame         Conj/Fire      ###.....     4%          3    N/A
c - Sticky Flame          Conj/Fire      ###.....     13%         4    N/A
d - Fireball              Conj/Fire      ###.......   36%         5    N/A

Your spell library contained the following spells:

 Spells                   Type           Power        Failure   Level  Hunger
 Flaming Arrows           Chrm/Fire      ##......     7%          2    N/A
 Slow                     Hex            #.......     17%         1    N/A
 Ensorcelled Hibernation  Hex/Ice        #.....       26%         2    N/A
 Dazzling Orbs            Conj/Hex       ###....      14%         3    N/A
 Inner Flame              Hex/Fire       N/A          14%         3    N/A
 Confuse                  Hex            #.......     45%         3    N/A
 Tukima's Dance           Hex            #.......     45%         3    N/A
 Cause Fear               Hex            #.........   86%         4    N/A

Dungeon Overview and Level Annotations

Branches:
Dungeon (5/12)             Temple (1/1) D:5

Altars:
Ashenzari
Cheibriados
Dithmenos
Gozag
Hepliaklqana
Kikubaaqudgha
Lugonu
Makhleb
Okawaru
Qazlal
Ru
Sif Muna
Trog
Uskayaw
Vehumet
Wu Jian
Xom
Yredelemnul

Annotations:
D:3 Sigmund


Innate Abilities, Weirdness & Mutations

You do not eat or drink.
Your flesh is vulnerable to fire.
You are immune to poison.
You possess an exceptional clarity of mind.
Your flesh is cold resistant. (rC+)
You are immune to negative energy. (rN+++)
You are immune to unholy pain and torment.
You can survive without breathing.
Your hexes are more powerful.


Message History

The crimson imp breathes fire at you. The fire burns you terribly!
The flame tongue hits you!
* * * LOW HITPOINT WARNING * * *
You hit the crimson imp.
The crimson imp is severely wounded.
The crimson imp barely misses you.
You barely miss the crimson imp.
The crimson imp is heavily wounded.
The crimson imp closely misses you.
You closely miss the crimson imp.
The crimson imp is heavily wounded.
The crimson imp hits you but does no damage.
The crimson imp shouts, "Get thee gone, thou fobbing dried harpy!"
The crimson imp hits you.
* * * LOW HITPOINT WARNING * * *
Okay, then.
You hit the crimson imp.
The crimson imp is severely wounded.
The crimson imp hits you.
You die...

..%≈.......≈..##)..##
..#≈#.....#≈#.....## .
#≈≈≈≈≈≈≈≈≈#....##
..###.....###....#
.................##
...####.#.#.......## ..
#.#..........# .#.
###............##
..#.........5@....######
#.#...................#######
##...........................
##...........................
#..........................##
#...###...........[.........#
# #...#
#...............####..#
.....# ##.......#####...#
##†# ...># ##...#.†..# #..##
#)#


You could see a crimson imp.

Vanquished Creatures
  Prince Ribbit (D:5)
  Edmund (D:4)
  A sky beast (D:4)
  An ice beast (D:5)
  A phantom (D:5)
  An ogre (D:4)
  A bullfrog (D:5)
  A water moccasin zombie (D:5)
  A scorpion (D:4)
  A howler monkey (D:3)
  2 crimson imps (D:4)
  A bullfrog zombie (D:5)
  A jelly (D:5)
  A hound (D:4)
  Ijyb (D:4)
  3 orc wizards
  An iguana (D:4)
  A hound zombie (D:5)
  A hound skeleton (D:4)
  3 gnolls
  A howler monkey skeleton (D:5)
  5 adders
  2 oozes
  8 worms
  2 dart slugs (D:2)
  3 leopard geckos
  15 orcs
  A ball python (D:2)
  9 bats
  2 giant cockroaches
  12 hobgoblins
  5 jackals
  4 quokkas
  4 frilled lizards
  2 goblins (D:2)
  A jackal skeleton (D:2)
  9 kobolds
  8 rats
118 creatures vanquished.

Notes
Turn   | Place    | Note
-------+----------+-------------------------------------------
     0 | D:1      | Mehrunes the Mummy Fire Elementalist began the quest for
                  | the Orb.
     0 | D:1      | Reached XP level 1. HP: 13/13 MP: 4/4
    79 | D:1      | Reached skill level 1 in Conjurations
   333 | D:1      | Reached XP level 2. HP: 19/19 MP: 3/6
   782 | D:2      | Reached XP level 3. HP: 20/24 MP: 1/7
  1464 | D:2      | Reached XP level 4. HP: 27/30 MP: 6/9
  1496 | D:2      | Found a faded altar of an unknown god.
  1496 | D:2      | Found a faded altar of an unknown god.
  1499 | D:2      | Found a hazy altar of Hepliaklqana.
  2469 | D:3      | Reached XP level 5. HP: 35/35 MP: 7/11
  2488 | D:3      | Noticed Sigmund
  2618 | D:2      | Learned a level 3 spell: Conjure Flame
  2623 | D:2      | Learned a level 4 spell: Sticky Flame
  2770 | D:4      | Noticed Edmund
  3370 | D:4      | Killed Edmund
  3371 | D:4      | Reached XP level 6. HP: 23/41 MP: 4/12
  3449 | D:4      | Noticed Ijyb
  3474 | D:4      | Killed Ijyb
  3888 | D:4      | Reached XP level 7. HP: 46/46 MP: 3/13
  3955 | D:4      | Reached skill level 5 in Fire Magic
  4420 | D:5      | Entered Level 5 of the Dungeon
  4427 | D:5      | Learned a level 5 spell: Fireball
  4442 | D:5      | Noticed Prince Ribbit
  4517 | D:5      | Killed Prince Ribbit
  4518 | D:5      | Reached skill level 5 in Conjurations
  4518 | D:5      | Reached XP level 8. HP: 48/52 MP: 2/14
  4748 | D:5      | Found a staircase to the Ecumenical Temple.
  4785 | Temple   | Entered the Ecumenical Temple
  5015 | Temple   | Became a worshipper of Vehumet
  5166 | D:5      | HP: 2/52 [crimson imp/flame tongue (16)]
  5170 | D:5      | Slain by a crimson imp

Skill      XL: |  1  2  3  4  5  6  7  8 |
---------------+-------------------------+-----
Conjurations   | 1 2 3 4 5 6 |  6.2
Spellcasting   | 3 4 |  4.0
Fire Magic     | 3 4 5 6 |  6.2
Dodging        | |  1.5
Stealth        | |  2.1

Action                   |  1- 3 |  4- 6 |  7- 9 || total
-------------------------+-------+-------+-------++-------
Melee: Unarmed           |     1 |       |       ||     1
       Short sword       |    13 |       |       ||    13
       Whip              |       |     9 |    83 ||    92
Throw: Tomahawk          |       |    21 |       ||    21
       Stone             |       |     2 |       ||     2
 Cast: Flame Tongue      |    88 |   117 |    72 ||   277
       Conjure Flame     |       |     5 |     1 ||     6
       Sticky Flame      |       |     2 |     7 ||     9
Armor: Robe              |     6 |    11 |    24 ||    41
       Leather armour    |     6 |       |       ||     6
Dodge: Dodged            |    21 |    50 |    73 ||   144
